 Dungeon Crawl Stone Soup version 0.23-a0-416-g33f1def (webtiles) character file.

31233 jerryfan the Fetichist (level 13, -9/120 HPs)
             Began as a Deep Dwarf Necromancer on Nov 5, 2018.
             Mangled by an orc warrior
             ... wielding a +0 dire flail
              (18 damage)
             ... on level 2 of the Orcish Mines on Nov 9, 2018.
             The game lasted 01:41:36 (17411 turns).

jerryfan the Fetichist (Deep Dwarf Necromancer)    Turns: 17411, Time: 01:41:36

Health: -9/120     AC: 10    Str: 13      XL:     13   Next: 24%
Magic:  0/0        EV: 21    Int: 20      God:
Gold:   921        SH:  0    Dex: 22 (24) Spells: 10/26 levels left

rFire    + . .     SeeInvis +   D - +9 staff of Olgreb {rPois}
rCold    . . .     Gourm    .   (no shield)
rNeg     . . .     Faith    .   P - +2 robe {MR+}
rPois    ∞         Spirit   .   (no helmet)
rElec    +         Reflect  .   I - +2 cloak
rCorr    .         Harm     .   l - +0 pair of gloves of Existentialism {Dex+4}
MR       ++++.                  K - +0 pair of boots of Uskayaw's Regard {rElec rF+ MR+ Str-2}
Stlth    +++.......             q - amulet of the acrobat
HPRegen  0.00/turn              b - ring of see invisible
MPRegen  0.07/turn              A - ring of Xutulokk {rElec rPois MR+ Dex+7}

@: non-regenerating
A: damage resistance, heal wounds, rugged brown scales 1, blurry vision 1,
deterioration 1, low mp 1, sense surroundings 2, strong 1, MP-powered wands, no
regeneration
a: Heal Wounds


You were on level 2 of the Orcish Mines.
You were not hungry.

You visited 4 branches of the dungeon, and saw 19 of its levels.
You also visited: Sewer and Bailey.

You collected 1069 gold pieces.
You spent 148 gold pieces at shops.

Inventory:

Hand Weapons
 d - a +0 dagger
 h - a +5 whip of electrocution
 D - the +9 staff of Olgreb (weapon) {rPois}
   (You found it on level 8 of the Dungeon)

   It protects you from poison.
 O - a +5 blowgun
Missiles
 p - 11 curare-tipped needles
 M - 3 needles of confusion
 R - 5 needles of frenzy
Armour
 a - a +2 robe
 f - a +0 pair of gloves of archery
 k - a +2 pair of boots
 l - the +0 pair of gloves of Existentialism (worn) {Dex+4}
   (You found it on level 4 of the Dungeon)

   It affects your dexterity (+4).
 B - a +2 shield of protection
 I - a +2 cloak (worn)
 K - the +0 pair of boots of Uskayaw's Regard (worn) {rElec rF+ MR+ Str-2}
   (You found it on level 2 of the Lair of Beasts)

   It affects your strength (-2).
   It protects you from fire.
   It insulates you from electricity.
   It affects your resistance to hostile enchantments.
 P - a +2 robe of magic resistance (worn)
Jewellery
 b - a ring of see invisible (left hand)
 q - an amulet of the acrobat (around neck)
 A - the ring of Xutulokk (right hand) {rElec rPois MR+ Dex+7}
   (You acquired it in a bailey)

   [ring of protection from magic]

   It affects your dexterity (+7).
   It insulates you from electricity.
   It protects you from poison.
   It affects your resistance to hostile enchantments.
 E - an uncursed ring of wizardry
 G - an uncursed ring of protection from cold
Wands
 r - a wand of digging (4)
 t - a wand of iceblast (2)
 x - a wand of enslavement (4)
 y - a wand of acid (1)
 H - a wand of flame (18)
 J - a wand of paralysis (1)
Scrolls
 e - 5 scrolls of magic mapping
 g - a scroll of enchant armour
 j - 10 scrolls of teleportation
 o - 4 scrolls of blinking
 s - a scroll of enchant weapon
 u - 3 scrolls of remove curse
 z - a scroll of fear
 L - a scroll of amnesia
 N - 4 scrolls of fog
 T - a scroll of identify
Potions
 i - 2 potions of lignification
 m - 4 potions of curing
 n - a potion of might
 v - a potion of brilliance
 w - a potion of haste
 C - 3 potions of berserk rage
Miscellaneous
 F - a lamp of fire (inert)
 Q - a lightning rod (1/4)
Comestibles
 c - 31 rations
 S - 7 chunks of flesh


   Skills:
 + Level 7.8 Fighting
 - Level 3.5 Maces & Flails
 + Level 9.8 Dodging
 - Level 2.4 Stealth
 - Level 7.1 Spellcasting
 + Level 12.1 Necromancy
 + Level 16.5 Evocations


You had 10 spell levels left.
You knew the following spells:

 Your Spells              Type           Power        Failure   Level  Hunger
a - Pain                  Necr           ####         1%          1    None
b - Animate Skeleton      Necr           N/A          1%          1    None
c - Vampiric Draining     Necr           ######....   1%          3    #......
d - Corpse Rot            Necr           N/A          1%          2    None
e - Animate Dead          Necr           N/A          1%          4    ###....
f - Agony                 Necr           ######..     1%          5    #####..

Your spell library contained the following spells:

 Spells                   Type           Power        Failure   Level  Hunger
 Sublimation of Blood     Necr           ######....   1%          2    None
 Dispel Undead            Necr           ######..     1%          5    #####..
 Corona                   Hex            #......      10%         1    None
 Magic Dart               Conj           #...         10%         1    None
 Sting                    Conj/Pois      ##..         10%         1    None
 Summon Small Mammal      Summ           #...         10%         1    None
 Call Imp                 Summ           #.......     14%         2    None
 Poisonous Vapours        Pois/Air       ##....       14%         2    None
 Searing Ray              Conj           #.....       14%         2    None
 Slow                     Hex            #.......     14%         2    None
 Excruciating Wounds      Chrm/Necr      ####......   22%         5    #####..
 Call Canine Familiar     Summ           #.......     28%         3    #......
 Dazzling Spray           Conj/Hex       #.....       28%         3    #......
 Inner Flame              Hex/Fire       #.......     28%         3    #......
 Mephitic Cloud           Conj/Pois/Air  ##......     28%         3    #......
 Portal Projectile        Hex/Tloc       #.....       28%         3    #......
 Summon Guardian Golem    Hex/Summ       #.......     28%         3    #......
 Cause Fear               Hex            #.........   67%         4    ###....
 Force Lance              Conj/Tloc      #.......     67%         4    ###....
 Fulminant Prism          Conj/Hex       #.........   67%         4    ###....
 Iskenderun's Mystic Bla  Conj           #.......     67%         4    ###....
 Leda's Liquefaction      Hex/Erth       #.........   67%         4    ###....
 Olgreb's Toxic Radiance  Pois           ##......     67%         4    ###....
 Summon Ice Beast         Ice/Summ       #.......     67%         4    ###....
 Summon Lightning Spire   Summ/Air       #.......     67%         4    ###....
 Simulacrum               Ice/Necr       ####......   75%         6    ######.
 Bolt of Magma            Conj/Fire/Erth #.........   95%         5    #####..
 Iskenderun's Battlesphe  Conj/Chrm      #.......     95%         5    #####..
 Venom Bolt               Conj/Pois      ##........   95%         5    #####..
 Borgnjor's Revivificati  Necr           ######....   99%         8    #######
 Infestation              Necr           ######....   99%         8    #######
 Iron Shot                Conj/Erth      #.........   100%        6    ######.
 Haunt                    Necr/Summ      ####......   100%        7    #######
 Orb of Destruction       Conj           #.........   100%        7    #######
 Spellforged Servitor     Conj/Summ      #.........   100%        7    #######
 Death's Door             Chrm/Necr      ####......   100%        8    #######
 Necromutation            Tmut/Necr      ####......   100%        8    #######
 Regeneration             Chrm/Necr      Unusable     N/A         3    N/A

Dungeon Overview and Level Annotations

Branches:
Dungeon (11/15)            Temple (1/1) D:4            Lair (5/6) D:8
 Shoals (0/4) Lair:4        Snake (0/4) Lair:2        Slime (0/5) Lair:5
    Orc (2/2) D:9
    Elf: Orc:2

Altars:
Ashenzari
Cheibriados
Dithmenos
Fedhas
Gozag
Hepliaklqana
Kikubaaqudgha
Makhleb
Nemelex Xobeh
Qazlal
Sif Muna
Uskayaw
Vehumet
Wu Jian
Zin
The Shining One

Shops:
D:3 *   D:4 *   Orc:1 *:**

Annotations:
D:3 exclusion: downstairs
D:4 Dowan, Duvessa
D:5 2 runed doors, nikopol's ghost, novice DEFE
D:6 exclusion: downstairs
D:8 exclusion: downstairs
Lair:3 exclusion: downstairs
Orc:1 exclusion: 2 downstairs


Innate Abilities, Weirdness & Mutations

You are resistant to damage.
You can heal yourself by infusing magical energy.
You passively map the area around you.
You do not regenerate.
You are partially covered in rugged brown scales. (AC +1, +3% HP)
Scrolls take you a little longer to read.
Your body sometimes deteriorates upon taking damage.
Your magical capacity is low. (-10% MP)
Your muscles are strong. (Str +2)
You expend magic power (3 MP) to strengthen your wands.


Message History

You have lost your religion!
Kikubaaqudgha does not appreciate desertion!
You sense decay.
The orc priest completely misses you. The orc completely misses you.
The orc misses you.
You sock the orc priest!
You kill the orc priest!
The orc completely misses you.
You hit the orc.
The orc is poisoned.
The orc is almost dead.
The orc misses you. x2
You completely miss the orc.
The orc is almost dead.
You kill the orc!
The orc warrior hits you with a dire flail!
* * * LOW HITPOINT WARNING * * *
You closely miss the orc. The orc completely misses you.
The orc closely misses you. The orc misses you.
The orc warrior hits you with a dire flail!!
You die...

, , , , , * , , ..
....... * ,, ... ,##
......# *
...###.#..$...# ,
.##.##................#.
,
.......................#
,,
.......................#
.......$.......oo....# *
........# #....o@.[..# *
, .......#####$..o)...##
, .........# #.....#.##
* , .........####.....##
, hooo.......####.## **
*,* * ...###o<.### #. ,
, ...* #......#*##* , ,
.### #.....#.# , , , ,
o..#.#.....# ,, ,


You could see an orc warrior and 3 orcs.

Vanquished Creatures
  2 hydras (Lair:4)
  Nergalle (Lair:3)
  An unseen horror (D:9)
  2 orc knights (Bailey)
  An orc sorcerer (D:9)
  6 black mambas
  4 elephants
  A gargoyle (D:10)
  2 torpor snails
  7 spiny frogs
  4 komodo dragons
  6 tyrant leeches (Lair:3)
  A troll (D:9)
  Prince Ribbit (D:6)
  3 blink frogs (Lair:1)
  4 hippogriffs
  9 dream sheep
  4 hogs (D:8)
  2 wraiths (D:11)
  14 yaks
  A steam dragon (D:9)
  A human (D:8)
  A warg (Orc:1)
  7 swamp worms (Lair:3)
  2 nagas (Lair:2)
  3 soldier ants (D:8)
  9 porcupines
  8 water moccasins
  7 ogres
  An ice beast (D:8)
  21 orc warriors
  2 necrophages (D:10)
  3 phantoms
  8 centaurs
  3 wolves (Lair:1)
  5 crocodiles
  2 big kobolds
  14 bullfrogs
  A wyvern zombie (D:8)
  A wyvern skeleton (D:10)
  A water moccasin skeleton (D:8)
  A scorpion (D:7)
  17 killer bees
  A howler monkey (D:6)
  6 crimson imps
  A bullfrog zombie (D:10)
  A quasit (D:10)
  A hound (D:5)
  A jelly (D:8)
  11 orc priests
  2 bullfrog skeletons
  20 orc wizards
  A centaur skeleton (D:5)
  4 iguanas
  7 worker ants
  A killer bee zombie (D:10)
  2 hound skeletons
  12 gnolls
  10 adders
  3 river rats (Sewer)
  3 shadow imps
  2 oozes
  An adder skeleton (D:5)
  3 worms
  2 dart slugs
  A leopard gecko (D:6)
  84 orcs
  2 ball pythons (Sewer)
  12 giant cockroaches
  15 goblins
  8 hobgoblins
  6 jackals
  5 quokkas
  7 bats
  16 frilled lizards
  16 kobolds
  4 quokka zombies
  20 rats
  A fungus (Lair:5)
486 creatures vanquished.

Vanquished Creatures (collateral kills)
  A hydra (Lair:5)
  2 blink frogs (Lair:4)
  2 soldier ants (D:8)
  A water moccasin (D:8)
  3 orc warriors (Bailey)
  A centaur (D:8)
  A gnoll sergeant (D:6)
  A bullfrog (D:8)
  A howler monkey (D:6)
  A centaur zombie (D:9)
  An orc wizard (D:9)
  3 worker ants
  A gnoll (D:6)
  A howler monkey skeleton (D:8)
  2 orcs
  2 goblins (D:8)
  A ball python skeleton (D:6)
  A fungus (Lair:4)
26 creatures vanquished.

Vanquished Creatures (others)
  A bullfrog (Lair:3)
  An orc (Orc:2)
  4 fungi
  24 plants
30 creatures vanquished.

Grand Total: 542 creatures vanquished

Notes
Turn   | Place    | Note
-------+----------+-------------------------------------------
     0 | D:1      | jerryfan the Deep Dwarf Necromancer began the quest for the
                  | Orb.
     0 | D:1      | Reached XP level 1. HP: 15/15 MP: 3/3
    66 | D:1      | Learned a level 1 spell: Animate Skeleton
   216 | D:2      | Reached XP level 2. HP: 17/22 MP: 1/4
   311 | D:2      | HP: 1/22 [bullfrog skeleton (2)]
   320 | D:2      | Reached XP level 3. HP: 11/30 MP: 5/5
   636 | D:1      | Reached skill level 5 in Necromancy
   659 | D:1      | Learned a level 3 spell: Vampiric Draining
   736 | D:1      | Reached XP level 4. HP: 31/37 MP: 1/5
  1072 | D:2      | Reached skill level 1 in Fighting
  1698 | D:3      | Reached XP level 5. HP: 36/44 MP: 6/6
  1711 | D:3      | Found a glowing drain.
  1758 | Sewer    | Entered a sewer
  1996 | Sewer    | Reached skill level 1 in Maces & Flails
  2279 | D:3      | Found an opulent altar of Gozag.
  2279 | D:3      | Found Gozag's Platinum Reserve.
  2844 | D:4      | Noticed Dowan
  2858 | D:3      | Reached XP level 6. HP: 49/51 MP: 7/7
  3201 | D:4      | Gained mutation: Your magical capacity is low. (-10% MP)
                  | [potion of mutation]
  3201 | D:4      | Gained mutation: Your muscles are strong. (Str +2) [potion
                  | of mutation]
  3202 | D:4      | Lost mutation: Your muscles are strong. (Str +2) [potion of
                  | mutation]
  3202 | D:4      | Gained mutation: You are partially covered in rugged brown
                  | scales. (AC +1, +3% HP) [potion of mutation]
  3202 | D:4      | Gained mutation: You are agile. (Dex +2) [potion of
                  | mutation]
  3233 | D:4      | Found a staircase to the Ecumenical Temple.
  3269 | Temple   | Entered the Ecumenical Temple
  3286 | Temple   | Became a worshipper of Kikubaaqudgha
  3304 | D:4      | Noticed Duvessa
  3566 | D:4      | Found Iruqim's Assorted Antiques.
  3571 | D:4      | Bought a scroll labeled SUIQ UROIREROM for 32 gold pieces
  3717 | D:4      | Identified the +0 pair of gloves of Existentialism {Dex+4}
                  | (You found it on level 4 of the Dungeon)
  3886 | D:4      | Noticed a slave
  3886 | D:4      | Noticed a slave
  3893 | D:5      | Entered Level 5 of the Dungeon
  3895 | D:5      | Found a burning altar of Makhleb.
  4000 | D:5      | Reached XP level 7. HP: 29/61 MP: 8/8
  4208 | D:5      | Found a glowing golden altar of the Shining One.
  4311 | D:5      | Reached * piety under Kikubaaqudgha
  4311 | D:5      | Identified Kikubaaqudgha's Almanac of Sinister Rituals
                  | (Kikubaaqudgha gifted it to you on level 5 of the Dungeon)
  4311 | D:5      | Received a gift from Kikubaaqudgha
  4329 | D:5      | Learned a level 2 spell: Corpse Rot
  4339 | D:5      | Learned a level 4 spell: Animate Dead
  4488 | D:5      | Found a runed door.
  4493 | D:5      | Noticed nikopol's ghost (novice DEFE)
  4508 | D:5      | Found a runed door.
  4647 | D:6      | Found a snail-covered altar of Cheibriados.
  4662 | D:6      | Reached XP level 8. HP: 66/70 MP: 9/9
  4688 | D:6      | Found a hide-covered altar of Uskayaw.
  4714 | D:6      | Found a sparkling altar of Nemelex Xobeh.
  4924 | D:6      | Reached ** piety under Kikubaaqudgha
  4999 | D:6      | Reached skill level 5 in Dodging
  5114 | D:6      | Noticed Prince Ribbit
  5347 | D:6      | Found a glowing silver altar of Zin.
  5523 | D:6      | Killed Prince Ribbit
  5523 | D:6      | Reached skill level 5 in Spellcasting
  5877 | D:7      | Found an ornate altar of the Wu Jian Council.
  6212 | D:7      | Reached skill level 1 in Evocations
  6305 | D:7      | Lost mutation: You are agile. (Dex +2) [potion of mutation]
  6305 | D:7      | Gained mutation: Your body sometimes deteriorates upon
                  | taking damage. [potion of mutation]
  6305 | D:7      | Gained mutation: You expend magic power (3 MP) to
                  | strengthen your wands. [potion of mutation]
  6355 | D:7      | Found a radiant altar of Vehumet.
  6402 | D:8      | Gained mutation: You passively map the area around you.
                  | [Deep Dwarf growth]
  6402 | D:8      | Reached XP level 9. HP: 51/80 MP: 11/11
  6417 | D:8      | Found a runed gate.
  6419 | D:8      | Found a runed door.
  6507 | D:8      | Found a staircase to the Lair.
  6540 | D:8      | Reached skill level 2 in Evocations
  6627 | D:8      | Reached skill level 3 in Evocations
  6652 | D:8      | Found the +9 staff of Olgreb {rPois}
  6655 | D:8      | Found a runed door.
  6717 | D:8      | Found a flagged portal.
  6739 | Bailey   | Entered a bailey
  6759 | Bailey   | Reached *** piety under Kikubaaqudgha
  6759 | Bailey   | Identified Kikubaaqudgha's Catalogue of Unholy Rites
                  | (Kikubaaqudgha gifted it to you in a bailey)
  6759 | Bailey   | Received a gift from Kikubaaqudgha
  6799 | Bailey   | Learned a level 5 spell: Agony
  6953 | Bailey   | Identified a scroll of acquirement
  6954 | Bailey   | Got a warped jade ring
  6955 | Bailey   | Identified the ring of Xutulokk {rElec rPois MR+ Dex+7}
                  | (You acquired it in a bailey)
  6960 | Bailey   | Noticed an orc knight
  7081 | Bailey   | Killed an orc knight
  7081 | Bailey   | Reached skill level 4 in Evocations
  7096 | Bailey   | Reached XP level 10. HP: 49/89 MP: 4/8
  7241 | Bailey   | Noticed an orc knight
  7282 | Bailey   | Killed an orc knight
  7493 | D:8      | Reached skill level 5 in Fighting
  7505 | D:8      | Found a runed gate.
  7517 | D:8      | Found a runed gate.
  7589 | D:8      | Reached skill level 5 in Evocations
  7630 | D:8      | Reached skill level 10 in Necromancy
  8205 | D:8      | Reached skill level 6 in Evocations
  8393 | D:8      | Reached **** piety under Kikubaaqudgha
  8595 | D:9      | Reached skill level 7 in Evocations
  8643 | D:9      | Upgraded the game from 0.23-a0-404-g0063841 to
                  | 0.23-a0-405-g368ce00
  8742 | D:9      | Reached skill level 8 in Evocations
  8778 | D:9      | Noticed an unseen horror
  9087 | D:9      | Killed an unseen horror
  9087 | D:9      | Reached skill level 9 in Evocations
  9087 | D:9      | Reached XP level 11. HP: 54/98 MP: 5/5
  9448 | D:9      | Reached skill level 10 in Evocations
  9617 | D:9      | Found a staircase to the Orcish Mines.
  9723 | D:10     | Entered Level 10 of the Dungeon
  9784 | D:10     | Reached ***** piety under Kikubaaqudgha
 10195 | D:10     | Reached skill level 11 in Evocations
 11001 | D:11     | Reached skill level 12 in Evocations
 11162 | Lair:1   | Entered Level 1 of the Lair of Beasts
 11513 | Lair:1   | Reached skill level 13 in Evocations
 11760 | Lair:1   | Reached skill level 14 in Evocations
 12243 | Lair:2   | Found a staircase to the Snake Pit.
 12301 | Lair:2   | Reached skill level 15 in Evocations
 12322 | Lair:2   | Got a pair of bloodstained boots
 12323 | Lair:2   | Identified the cursed +0 pair of boots of Uskayaw's Regard
                  | {rElec rF+ MR+ Str-2} (You found it on level 2 of the Lair
                  | of Beasts)
 12448 | Lair:2   | Lost mutation: Your magical capacity is low. (-10% MP)
                  | [potion of mutation]
 12448 | Lair:2   | Gained mutation: Scrolls take you a little longer to read.
                  | [potion of mutation]
 12448 | Lair:2   | Gained mutation: Your magical capacity is low. (-10% MP)
                  | [potion of mutation]
 12448 | Lair:2   | Gained mutation: Your muscles are strong. (Str +2) [potion
                  | of mutation]
 12489 | Lair:2   | Reached XP level 12. HP: 79/106 MP: 3/7
 13180 | Lair:3   | Upgraded the game from 0.23-a0-405-g368ce00 to
                  | 0.23-a0-408-g9d4b7ed
 13375 | Lair:3   | Noticed Nergalle
 13790 | Lair:3   | Killed Nergalle
 14441 | Lair:4   | Noticed a five-headed hydra
 14693 | Lair:4   | Killed a five-headed hydra
 14827 | Lair:4   | Noticed a four-headed hydra
 14832 | Lair:4   | Killed a four-headed hydra
 14832 | Lair:4   | Reached skill level 16 in Evocations
 15144 | Lair:4   | Found a staircase to the Shoals.
 15678 | Lair:5   | Reached XP level 13. HP: 58/118 MP: 5/5
 15691 | Lair:5   | Reached ****** piety under Kikubaaqudgha
 15717 | Lair:5   | Received a gift from Kikubaaqudgha
 16005 | Lair:5   | Upgraded the game from 0.23-a0-408-g9d4b7ed to
                  | 0.23-a0-416-g33f1def
 16411 | Lair:5   | Found a staircase to the Slime Pits.
 16416 | Lair:5   | Identified the cursed +1 robe of Xom's Righteous Anger
                  | {*Drain rPois Int-4 Stlth+} (You found it on level 5 of the
                  | Lair of Beasts)
 16698 | Orc:1    | Entered Level 1 of the Orcish Mines
 16848 | Orc:1    | Found Miada's Assorted Antiques.
 16903 | Orc:1    | Found Ebla's General Store.
 16973 | Orc:1    | Found Vakhearu's Book Shoppe.
 16997 | Orc:1    | Found Onic's General Store.
 17005 | Orc:1    | Bought 5 needles of frenzy for 32 gold pieces
 17228 | Orc:2    | Entered Level 2 of the Orcish Mines
 17358 | Orc:1    | Bought a potion of heal wounds for 60 gold pieces
 17358 | Orc:1    | Bought a scroll of identify for 24 gold pieces
 17407 | Orc:2    | Fell from the grace of Kikubaaqudgha
 17411 | Orc:2    | Mangled by an orc warrior

Vault maps used:
D:1:      dpeg_arrival_lava_altar, grunt_decor_resistance
D:2:      first_ration, serial_forest, infiniplex_forest_lined_corner,
          infiniplex_forest_straight_4, infiniplex_forest_straight_2,
          infiniplex_forest_straight_2, infiniplex_forest_lined_2,
          infiniplex_forest_end_1, infiniplex_forest_end_3,
          infiniplex_forest_clump_long, infiniplex_forest_straight_1,
          infiniplex_forest_lined_2
D:3:      nicolae_gozag_zags_fifth_avenue, gup_sewer_entry_glass
D:4:      minmay_temple_entry_glass, serial_shops, kennysheep_mini, uniq_pikel,
          uniq_duvessa
D:5:      old_standard_altar, nicolae_tso_carved_into_rock,
          ebering_ghost_sewer_f
D:6:      lemuel_doored_altar, kennysheep_mini_moat,
          eat_drink_and_be_merry_uskayaw, nemelex_xobeh_ov_fountains_minmay,
          minmay_misc_feat_secret_circle, minivault_27, uniq_prince_ribbit1
D:7:      marbit_many_paths, kennysheep_little_box
D:8:      dpeg_oklobed_lair, enter_bailey_3, grunt_livestock,
          minmay_guarded_unrand_staff_of_olgreb
D:9:      david_orc_4
D:11:     nicolae_lava_and_water, lightli_church_of_beogh, uniq_josephine
Temple:   nicolae_temple_god_jail
Lair:2:   guppyfry_snake_entry_island
Lair:3:   worms_lemuel, uniq_nergalle
Lair:4:   minmay_shoals_entry_centaurs, grunt_megastairs_3
Lair:5:   slime_dummy, st_stairs_12
Orc:1:    serial_shops, nicolae_shop_stone, nicolae_shop_stone, shop,
          shop_fountains
Orc:2:    st_orc_town
Sewer:    sewer_co_cracked_pipes
Bailey:   bailey_polearm_5, bailey

Skill      XL: |  1  2  3  4  5  6  7  8  9 10 11 12 13 |
---------------+----------------------------------------+-----
Spellcasting   | 2 3 4 5 6 7 |  7.1
Dodging        | 3 4 5 6 7 9 |  9.8
Necromancy     | 5 6 7 8 9 10 11 12 | 12.1
Fighting       | 1 2 3 4 5 7 |  7.8
Maces & Flails | 1 2 3 |  3.5
Evocations     | 1 4 9 15 16 | 16.5
Stealth        | |  2.4

Action                   |  1- 3 |  4- 6 |  7- 9 | 10-12 | 13-15 || total
-------------------------+-------+-------+-------+-------+-------++-------
Melee: Unarmed           |    32 |       |       |       |       ||    32
       Dagger            |    50 |       |       |       |       ||    50
       Whip              |       |   276 |   302 |   186 |       ||   764
       Staff             |       |       |       |   550 |   174 ||   724
 Fire: Blowgun           |       |       |       |     1 |       ||     1
 Cast: Pain              |    36 |    19 |    37 |    17 |       ||   109
       Animate Skeleton  |     3 |     4 |     1 |     2 |       ||    10
       Vampiric Draining |       |     7 |    10 |    16 |     5 ||    38
       Animate Dead      |       |       |     8 |    11 |       ||    19
       Corpse Rot        |       |       |     9 |     2 |       ||    11
       Agony             |       |       |     2 |     2 |     1 ||     5
Invok: Receive Corpses   |       |       |     1 |     2 |       ||     3
       Receive Necronomi |       |       |       |       |     1 ||     1
       Renounce Religion |       |       |       |       |     1 ||     1
 Abil: Heal Wounds       |     5 |     3 |    17 |    63 |     9 ||    97
Evoke: Staff of Olgreb   |       |       |       |    31 |     2 ||    33
       Wand              |       |       |       |    36 |     3 ||    39
       Lamp of fire      |       |       |       |     2 |       ||     2
       Lightning rod     |       |       |       |     3 |     1 ||     4
  Use: Scroll            |       |    11 |     7 |    22 |     1 ||    41
       Potion            |       |     9 |     8 |    11 |     1 ||    29
 Stab: Sleeping          |       |    12 |     4 |     3 |     2 ||    21
       Distracted        |       |       |     1 |     4 |       ||     5
       Paralysed         |       |       |       |    12 |     3 ||    15
  Eat: Chunk             |       |    12 |     5 |    30 |     3 ||    50
       Ration            |       |       |     2 |     1 |     1 ||     4
Armor: Robe              |    28 |    69 |    47 |   165 |    42 ||   351
Dodge: Dodged            |    90 |   171 |   404 |  1008 |   248 ||  1921

Table legend:
 A = Non-vault XP
 B = Vault XP
 C = Vault XP percentage of total XP
 D = Non-vault monster count
 E = Vault monster count
 F = Vault count percentage of total count
                 A         B        C        D         E       F
            +---------+---------+-------+---------+---------+-------
      Total |   32264 |   12355 |  27.7 |     366 |     145 |  28.4
            +---------+---------+-------+---------+---------+-------
        D:1 |      43 |       0 |   0.0 |      22 |       0 |   0.0
        D:2 |     117 |       0 |   0.0 |      35 |       0 |   0.0
        D:3 |     153 |      34 |  18.2 |      24 |       6 |  20.0
        D:4 |     248 |       0 |   0.0 |      13 |       0 |   0.0
        D:5 |     474 |       0 |   0.0 |      17 |       0 |   0.0
        D:6 |     856 |     212 |  19.9 |      33 |       1 |   2.9
        D:7 |     564 |       0 |   0.0 |      15 |       0 |   0.0
        D:8 |    1100 |    2728 |  71.3 |      19 |      33 |  63.5
        D:9 |    2907 |     788 |  21.3 |      39 |      17 |  30.4
       D:10 |    1860 |       0 |   0.0 |      29 |       0 |   0.0
       D:11 |     633 |     422 |  40.0 |       8 |       2 |  20.0
     Lair:1 |    5688 |       0 |   0.0 |      24 |       0 |   0.0
     Lair:2 |    1234 |     323 |  20.7 |       5 |       2 |  28.6
     Lair:3 |    2888 |    4106 |  58.7 |      15 |      15 |  50.0
     Lair:4 |    8109 |     447 |   5.2 |      27 |       4 |  12.9
     Lair:5 |    3891 |     817 |  17.4 |      14 |       2 |  12.5
      Orc:1 |    1413 |       0 |   0.0 |      24 |       0 |   0.0
      Orc:2 |      86 |       0 |   0.0 |       3 |       0 |   0.0
      Sewer |       0 |      60 | 100.0 |       0 |      23 | 100.0
     Bailey |       0 |    2418 | 100.0 |       0 |      40 | 100.0
            +---------+---------+-------+---------+---------+-------
